 Dungeon Crawl Stone Soup version 0.19.1 (webtiles) character file.

14276 Dfrag the Destroyer (level 11, -1/68 HPs)
             Began as a Demonspawn Fire Elementalist on Nov 29, 2016.
             Was a Believer of Makhleb.
             Slain by kimtruck's ghost (23 damage)
             ... on level 11 of the Dungeon.
             The game lasted 00:27:17 (10450 turns).

Dfrag the Destroyer (Demonspawn Fire Elementalist) Turns: 10450, Time: 00:27:17

Health: -1/68      AC: 14    Str:  9    XL:     11   Next: 86%
Magic:  1/25       EV: 12    Int: 25    God:    Makhleb [**....]
Gold:   312        SH:  0    Dex: 15    Spells: 4 memorised, 17 levels left

rFire  . . .     SeeInvis .     E - +2 mace "Killer Klown's Peril" {venom, rElec}
rCold  . . .     Gourm    .     F - +0 troll leather armour
rNeg   . . .     Faith    .     (no shield)
rPois  .         Spirit   .     (no helmet)
rElec  +         Reflect  .     u - +0 cloak
rCorr  .         Harm     .     (no gloves)
MR     .....                    (no boots)
Stlth  ++........               (no amulet)
                                D - ring of wizardry
                                e - +5 ring of intelligence

@: sanguine armour
A: talons 2, agile 1, powered by death 2, wild magic 2, sanguine armour 2
a: Minor Destruction, Renounce Religion


You were on level 11 of the Dungeon.
You worshipped Makhleb.
Makhleb was pleased with you.
You were very hungry.

You visited 2 branches of the dungeon, and saw 12 of its levels.
You also visited: Sewer.

You collected 559 gold pieces.
You spent 247 gold pieces at shops.

Inventory:

Hand Weapons
 k - a +1 dagger of electrocution
 E - the +2 mace "Killer Klown's Peril" (weapon) {venom, rElec}
   (You bought it in a shop on level 6 of the Dungeon)

   It poisons the flesh of those it strikes.
   It insulates you from electricity.
Armour
 a - a +0 robe
 u - a +0 cloak (worn)
 F - a +0 troll leather armour (worn)
Rods
 y - a -1 rod of clouds (9/9)
   (You found it on level 5 of the Dungeon)
Jewellery
 e - a +5 ring of intelligence (left hand)
 D - a ring of wizardry (right hand)
 K - a +2 ring of evasion
 R - an uncursed amulet of faith
Wands
 i - a wand of iceblast (1/15)
 n - a wand of lightning (4/15)
 r - a wand of lightning (5/15)
 C - a wand of digging (11/24)
 N - a wand of lightning (6/15)
 Q - a wand of digging (19/24)
Scrolls
 d - 4 scrolls of blinking
 j - a scroll of amnesia {unknown}
 l - 3 scrolls of recharging
 p - 3 scrolls of noise
 s - 2 scrolls of immolation
 v - a scroll of enchant weapon
 x - 5 scrolls of remove curse
 B - 2 scrolls of fear
 S - a scroll of teleportation {unknown}
Potions
 f - 6 potions of flight
 h - 3 potions of lignification
 m - 2 potions of heal wounds
 o - 4 potions of might
 q - a potion of resistance
 t - 5 potions of curing
 w - a potion of agility
 z - a potion of berserk rage
 A - a potion of cancellation
 I - a potion of magic
 M - a potion of ambrosia {unknown}
Books
 b - a book of Flames

   Spells                             Type                      Level
   a - Flame Tongue                   Conjuration/Fire             1
   b - Throw Flame                    Conjuration/Fire             2
   c - Conjure Flame                  Conjuration/Fire             3
   d - Inner Flame                    Hexes/Fire                   3
   e - Sticky Flame                   Conjuration/Fire             4
   f - Fireball                       Conjuration/Fire             5
 G - a book of Cantrips

   Spells                             Type                      Level
   a - Confusing Touch                Hexes                        1
   b - Animate Skeleton               Necromancy                   1
   c - Summon Small Mammal            Summoning                    1
   d - Apportation                    Translocation                1
 H - a book of Annihilations

   Spells                             Type                      Level
   a - Poison Arrow                   Conjuration/Poison           6
   b - Chain Lightning                Conjuration/Air              8
   c - Lehudib's Crystal Spear        Conjuration/Earth            8
   d - Glaciate                       Conjuration/Ice              9
   e - Fire Storm                     Conjuration/Fire             9
 J - a book of Maledictions

   Spells                             Type                      Level
   a - Corona                         Hexes                        1
   b - Ensorcelled Hibernation        Hexes/Ice                    2
   c - Confuse                        Hexes                        3
   d - Tukima's Dance                 Hexes                        3
   e - Dazzling Spray                 Conjuration/Hexes            3
Miscellaneous
 O - a sack of spiders
Comestibles
 c - 4 bread rations
 g - 6 meat rations
 L - 16 fruits
 P - 6 slices of pizza


   Skills:
 - Level 1.7 Dodging
 - Level 1.7 Stealth
 + Level 10.4 Spellcasting
 + Level 11.2 Conjurations
 + Level 10.6 Fire Magic


You had 17 spell levels left.
You knew the following spells:

 Your Spells              Type           Power        Failure   Level  Hunger
a - Flame Tongue          Conj/Fire      #####        1%          1    None
c - Conjure Flame         Conj/Fire      #######.     1%          3    None
d - Sticky Flame          Conj/Fire      #######.     1%          4    None
e - Fireball              Conj/Fire      #######...   2%          5    ####...


Dungeon Overview and Level Annotations

Branches:
Dungeon (11/15)            Temple (1/1) D:7
   Lair: D:8-11         Orc: D:9-12

Altars:
Ashenzari
Dithmenos
Elyvilon
Fedhas
Gozag
Kikubaaqudgha
Makhleb
Nemelex Xobeh
Okawaru
Qazlal
Ru
Sif Muna
Trog
Uskayaw
Vehumet
Xom
Yredelemnul
Zin
The Shining One

Shops:
D:6 (   D:9 !

Annotations:
D:4 taxman66's ghost, novice MiFi
D:11 kimtruck's ghost, journeyman MiBe


Innate Abilities, Weirdness & Mutations

You have razor-sharp toenails.
You regenerate health from kills.
When seriously injured, your bleeding wounds create thick armour. (AC +9)
You are agile. (Dex +2)
Your spells are harder to cast, but more powerful.


Message History

Done exploring.
Done exploring.
(D) Dungeon (T) Temple
Where to? (Enter - D:10, ? - help)
What level of the Dungeon? (default 1, ? - help)
You see here an arrow.
There is an open door here.
There is a stone staircase leading down here.
You climb downwards.
Level annotation: kimtruck's ghost, journeyman MiBe Kimtruck's ghost hits you!!
Your blood congeals into armour.
You feel your power leaking away. Kimtruck's ghost hits you!!
* * * LOW HITPOINT WARNING * * *
You feel your power leaking away.
There is a stone staircase leading up, spattered with blood here.
There is a stone staircase leading up, spattered with blood here.
Kimtruck's ghost says, "Crushing you to a pulp will hurt a lot.
After that?
Painless!
I promise!"
Kimtruck's ghost hits you!!
You die...

##..#####.........
##.#####.[.......
#######.........
########..........
##.......##........
##..8...8..##.......
#...........#.......
#.....8.....#)######
#..@W....<..#.#
#.....8.....#.#
#...........#.#
##..8...8..##.#
##.......##..#
####.......##
#########


You could see kimtruck's ghost.

Vanquished Creatures
  Harold (D:10)
  A hydra (D:9)
  A death knight (D:11)
  The ghost of Ice the Spear-Bearer, a novice MiBe of Trog (D:9)
  4 hill giants
  A phantasmal warrior (D:11)
  An ugly thing (D:11)
  Joseph (D:8)
  A gargoyle (D:11)
  A freezing wraith (D:11)
  A komodo dragon (D:10)
  3 meliai (D:11)
  2 hornets
  A troll (D:10)
  Grinder (D:5)
  A two-headed ogre (D:8)
  2 dream sheep (D:9)
  A shadow (D:11)
  2 yaks (D:9)
  A wraith (D:10)
  Grum (D:9)
  4 ice beasts
  2 black bears
  2 orc warriors (D:7)
  4 sky beasts
  3 ogres
  2 phantoms (D:8)
  An eye of draining (D:10)
  2 wolves (D:9)
  2 centaurs
  2 crocodiles (D:10)
  4 big kobolds
  6 bullfrogs
  A water moccasin zombie (D:8)
  4 scorpions
  2 wyvern skeletons
  4 wights
  5 killer bees (D:5)
  3 howler monkeys
  3 crimson imps
  4 jellies
  5 orc priests
  10 orc wizards
  Crazy Yiuf (D:6)
  2 centaur skeletons
  5 hounds
  3 bullfrog skeletons
  Terence (D:2)
  4 iguanas
  7 worker ants
  A hound skeleton (D:8)
  6 gnolls
  8 adders
  3 adder skeletons
  2 worms (D:2)
  4 dart slugs
  7 leopard geckos
  29 orcs
  7 ball pythons
  5 bats
  7 giant cockroaches
  5 goblins
  9 hobgoblins
  8 jackals
  17 kobolds
  4 quokkas
  12 frilled lizards
  A leopard gecko skeleton (D:5)
  A quokka skeleton (D:10)
  2 quokka zombies
  8 rats
  2 plants (Sewer)
275 creatures vanquished.

Notes
Turn   | Place    | Note
-------+----------+-------------------------------------------
     0 | D:1      | Dfrag the Demonspawn Fire Elementalist began the quest for the Orb.
     0 | D:1      | Reached XP level 1. HP: 13/13 MP: 3/3
   121 | D:1      | Gained mutation: You regenerate a little health from kills. [demonic ancestry]
   121 | D:1      | Reached XP level 2. HP: 9/19 MP: 1/5
   461 | D:1      | Gained mutation: You have sharp toenails. [demonic ancestry]
   461 | D:1      | Reached XP level 3. HP: 24/24 MP: 4/6
   605 | D:2      | Noticed Terence
   611 | D:2      | Killed Terence
   611 | D:2      | Reached skill level 2 in Conjurations
   674 | D:2      | Gained mutation: You regenerate health from kills. [demonic ancestry]
   674 | D:2      | Reached XP level 4. HP: 30/30 MP: 2/8
  1029 | D:3      | Learned a level 4 spell: Sticky Flame
  1076 | D:3      | Found a glowing drain.
  1102 | Sewer    | Entered a sewer
  1802 | D:3      | Found a white marble altar of Elyvilon.
  1980 | D:3      | Gained mutation: When seriously injured, your bleeding wounds create armour. (AC +9) [demonic ancestry]
  1980 | D:3      | Reached XP level 5. HP: 33/35 MP: 5/9
  2123 | D:3      | Found a faded altar of an unknown god.
  2123 | D:3      | Found a faded altar of an unknown god.
  2129 | D:3      | Found a faded altar of an unknown god.
  2131 | D:3      | Found a hide-covered altar of Uskayaw.
  2132 | D:3      | Found a faded altar of an unknown god.
  2440 | D:3      | Reached skill level 3 in Conjurations
  2596 | D:4      | Found a blossoming altar of Fedhas.
  2596 | D:4      | Noticed a centaur
  2644 | D:4      | Reached XP level 6. HP: 41/41 MP: 5/11
  2664 | D:4      | Noticed taxman66's ghost (novice MiFi)
  2730 | D:5      | Entered Level 5 of the Dungeon
  2756 | D:5      | Identified a -1 rod of clouds (9/9) (You found it on level 5 of the Dungeon)
  3012 | D:5      | Learned a level 3 spell: Conjure Flame
  3261 | D:5      | Reached skill level 4 in Conjurations
  3262 | D:5      | Reached XP level 7. HP: 42/46 MP: 7/13
  3457 | D:5      | Noticed Grinder
  3458 | D:5      | Paralysed by Grinder for 7 turns
  3478 | D:5      | Killed Grinder
  3478 | D:5      | Reached skill level 5 in Fire Magic
  3631 | D:5      | Reached skill level 5 in Spellcasting
  3664 | D:5      | Reached skill level 5 in Conjurations
  3670 | D:5      | Gained mutation: You evolve. [mutagenic meat]
  3671 | D:5      | Gained mutation: Your magical capacity is low. (-10% MP) [mutagenic meat]
  3672 | D:5      | Gained mutation: You are dopey. (Int -2) [mutagenic meat]
  3673 | D:5      | Gained mutation: Your system is resistant to poisons. (rPois) [mutagenic meat]
  3674 | D:5      | Gained mutation: You can translocate small distances at will. [mutagenic meat]
  3675 | D:5      | Lost mutation: You evolve. [mutagenic meat]
  3751 | D:5      | Gained mutation: When seriously injured, your bleeding wounds create thick armour. (AC +9) [demonic ancestry]
  3751 | D:5      | Reached XP level 8. HP: 28/52 MP: 6/14
  3785 | D:5      | Gained mutation: Your spells are a little harder to cast, but a little more powerful. [potion of beneficial mutation]
  4161 | D:6      | Found Gont's Antique Weapon Emporium.
  4382 | D:6      | Reached skill level 6 in Conjurations
  4636 | D:4      | Learned a level 5 spell: Fireball
  4651 | D:4      | Found a basalt altar of Yredelemnul.
  4948 | D:6      | Bought a dazzling mace for 208 gold pieces
  4948 | D:6      | Identified the +2 mace "Killer Klown's Peril" {venom, rElec} (You bought it in a shop on level 6 of the Dungeon)
  5156 | D:5      | Reached XP level 9. HP: 55/57 MP: 0/16
  5320 | D:6      | Lost mutation: Your magical capacity is low. (-10% MP) [potion of cure mutation]
  5320 | D:6      | Lost mutation: You are dopey. (Int -2) [potion of cure mutation]
  5320 | D:6      | Lost mutation: Your system is resistant to poisons. (rPois) [potion of cure mutation]
  5354 | D:6      | Found a runed door.
  5500 | D:6      | Noticed Crazy Yiuf
  5503 | D:6      | Killed Crazy Yiuf
  5648 | D:7      | Reached skill level 7 in Conjurations
  5653 | D:7      | Found a staircase to the Ecumenical Temple.
  5688 | Temple   | Entered the Ecumenical Temple
  5871 | Temple   | Became a worshipper of Makhleb the Destroyer
  5961 | D:7      | Lost mutation: You can translocate small distances at will. [mutagenic meat]
  5962 | D:7      | Gained mutation: Your flesh is cold resistant. (rC+) [mutagenic meat]
  5963 | D:7      | Gained mutation: You are agile. (Dex +2) [mutagenic meat]
  5964 | D:7      | Lost mutation: Your flesh is cold resistant. (rC+) [mutagenic meat]
  5966 | D:7      | Gained mutation: Your spells are harder to cast, but more powerful. [mutagenic meat]
  6083 | D:7      | Noticed a hill giant
  6143 | D:7      | Killed a hill giant
  6265 | D:7      | Reached skill level 8 in Conjurations
  6270 | D:7      | Reached * piety under Makhleb
  6605 | D:8      | Reached XP level 10. HP: 57/63 MP: 8/21
  6630 | D:8      | Noticed Joseph
  6660 | D:8      | Killed Joseph
  6951 | D:8      | Found an iron altar of Okawaru.
  7071 | D:8      | Reached ** piety under Makhleb
  7332 | D:8      | Found a glowing golden altar of the Shining One.
  7368 | D:8      | Found a shimmering altar of Xom.
  7371 | D:8      | Found a radiant altar of Vehumet.
  7449 | D:9      | Found Pexkuen's Distillery.
  7457 | D:9      | Bought a potion of lignification for 39 gold pieces
  7526 | D:9      | Noticed Ice's ghost (novice MiBe)
  7686 | D:9      | Reached skill level 9 in Conjurations
  7797 | D:9      | Noticed Grum
  7812 | D:9      | Killed Grum
  8013 | D:9      | Killed Ice's ghost
  8293 | D:9      | Noticed a three-headed hydra
  8306 | D:9      | Killed a three-headed hydra
  8607 | D:10     | Entered Level 10 of the Dungeon
  8686 | D:10     | Gained mutation: You have razor-sharp toenails. [demonic ancestry]
  8686 | D:10     | Reached XP level 11. HP: 63/68 MP: 17/24
  8796 | D:10     | Noticed Harold
  8840 | D:10     | Killed Harold
  8840 | D:10     | Reached skill level 10 in Conjurations
  9116 | D:10     | Noticed a hill giant
  9127 | D:10     | Killed a hill giant
  9168 | D:10     | Noticed a hill giant
  9186 | D:10     | Killed a hill giant
  9186 | D:10     | Reached skill level 10 in Fire Magic
  9565 | D:11     | Noticed a hill giant
  9579 | D:10     | Killed a hill giant
  9750 | D:11     | Noticed a death knight
  9751 | D:11     | Noticed a phantasmal warrior
  9756 | D:11     | Killed a phantasmal warrior
  9756 | D:11     | Reached skill level 10 in Spellcasting
  9758 | D:11     | Noticed kimtruck's ghost (journeyman MiBe)
  9778 | D:11     | Noticed a cyan ugly thing
  9804 | D:11     | Killed a cyan ugly thing
  9969 | D:11     | Killed a death knight
  9969 | D:11     | Reached skill level 11 in Conjurations
 10214 | D:11     | Noticed a red ugly thing
 10450 | D:11     | Slain by kimtruck's ghost

Skill      XL: |  1  2  3  4  5  6  7  8  9 10 11 |
---------------+----------------------------------+-----
Fire Magic     | 3 4 5 6 8 9 10 | 10.6
Conjurations   | 2 3 4 5 6 8 9 11 | 11.2
Spellcasting   | 3 4 5 6 7 9 10 | 10.4
Dodging        | |  1.7
Stealth        | |  1.7

Action                   |  1- 3 |  4- 6 |  7- 9 | 10-12 || total
-------------------------+-------+-------+-------+-------++-------
Melee: Unarmed           |    36 |       |       |       ||    36
       Dagger            |     2 |    92 |    41 |       ||   135
       Kick              |       |    19 |    27 |    23 ||    69
       Mace              |       |       |   126 |   104 ||   230
 Cast: Flame Tongue      |    44 |    72 |   107 |    45 ||   268
       Sticky Flame      |       |     3 |    26 |    52 ||    81
       Fireball          |       |       |     7 |    33 ||    40
Evoke: Rod               |       |     1 |     3 |       ||     4
  Use: Potion            |       |       |    13 |     1 ||    14
       Scroll            |       |       |       |     8 ||     8
 Stab: Sleeping          |       |     2 |       |       ||     2
  Eat: Chunk             |       |     7 |    26 |    16 ||    49
       Meat ration       |       |       |     1 |       ||     1
       Pizza             |       |       |       |     1 ||     1
Armor: Robe              |    19 |    26 |    64 |    33 ||   142
       Troll leather arm |       |       |       |    23 ||    23
Dodge: Dodged            |    71 |    87 |   148 |   137 ||   443
